 Dungeon Crawl Stone Soup version 0.24-a0-203-gf0bc1e94ae (webtiles) character file.

Game seed: 7877727373017403430

177015 Orphidia the Spry (level 16, -3/139 HPs)
             Began as a Demigod Necromancer on Mar 28, 2019.
             Slain by an ice devil (17 damage)
             ... in a wizard's laboratory.
             The game lasted 01:56:22 (30161 turns).

Orphidia the Spry (Demigod Necromancer)            Turns: 30161, Time: 01:56:22

Health: -3/139     AC: 23    Str: 13    XL:     16   Next: 70%
Magic:  29/29      EV: 27    Int: 21    God:
Gold:   1196       SH: 15    Dex: 22    Spells: 3/27 levels left

rFire    + + .     SeeInvis +   a - +7 Screaming Sword {slice, sonic wave}
rCold    . . .     Gourm    .   c - +2 shield {Donald}
rNeg     + . .     Faith    .   r - +5 steam dragon scales
rPois    .         Spirit   .   T - +1 helmet
rElec    .         Reflect  .   F - +0 cloak
rCorr    +         Harm     .   (no gloves)
MR       +....                  Z - +1 pair of boots of Amorality {rF++ rN+ Regen+ SInv}
Stlth    ++........             E - amulet of rage
HPRegen  0.73/turn              W - ring of resist corrosion
MPRegen  0.21/turn              q - +6 ring of protection

@: berserk cooldown, hasted and slowed
A: high mp 1
}: 1/15 runes: decaying
a: Evoke Berserk Rage


You were in a wizard's laboratory.
You were very hungry.

You visited 5 branches of the dungeon, and saw 28 of its levels.
You also visited: Gauntlet, Ice Cave and Wizlab.

You collected 3895 gold pieces.
You spent 2699 gold pieces at shops.


Innate Abilities, Weirdness & Mutations

You have an increased reservoir of magic. (+10% MP)


   Skills:
 - Level 12.0 Fighting
 - Level 11.5 Long Blades
 - Level 8.1 Armour
 - Level 16.3 Dodging
 - Level 1.7 Stealth
 + Level 12.7 Shields
 - Level 6.1 Spellcasting
 - Level 6.0 Necromancy
 - Level 9.0 Evocations


You had 3 spell levels left.
You knew the following spells:

 Your Spells              Type           Power        Failure   Level  Hunger
a - Apportation           Tloc           #.....       13%         1    None
r - Regeneration          Chrm/Necr      ###.......   11%         3    ##.....
A - Pain                  Necr           ####         1%          1    None
B - Vampiric Draining     Necr           ####......   3%          3    ##.....
C - Animate Dead          Necr           N/A          11%         4    ####...
D - Borgnjor's Vile Clut  Necr/Erth      ###.......   71%         5    #####..
E - Dispel Undead         Necr           ####....     28%         5    #####..
F - Corpse Rot            Necr           N/A          1%          2    None

Your spell library contained the following spells:

 Spells                   Type           Power        Failure   Level  Hunger
 Animate Skeleton         Necr           N/A          1%          1    None
 Sublimation of Blood     Necr           ####......   1%          2    None
 Confusing Touch          Hex            #.....       13%         1    None
 Freeze                   Ice            #...         13%         1    None
 Summon Small Mammal      Summ           #...         13%         1    None
 Call Imp                 Summ           #.......     19%         2    None
 Poisonous Vapours        Pois/Air       #.....       19%         2    None
 Throw Frost              Conj/Ice       #.....       19%         2    None
 Call Canine Familiar     Summ           #.......     36%         3    ##.....
 Confuse                  Hex            #.......     36%         3    ##.....
 Conjure Flame            Conj/Fire      #.......     36%         3    ##.....
 Gell's Gravitas          Tloc           #.........   36%         3    ##.....
 Mephitic Cloud           Conj/Pois/Air  #.......     36%         3    ##.....
 Ozocubu's Armour         Chrm/Ice       #.......     36%         3    ##.....
 Recall                   Summ/Tloc      N/A          36%         3    ##.....
 Summon Guardian Golem    Hex/Summ       #.......     36%         3    ##.....
 Agony                    Necr           ####....     28%         5    #####..
 Bolt of Draining         Conj/Necr      ###.......   71%         5    #####..
 Excruciating Wounds      Chrm/Necr      ###.......   71%         5    #####..
 Petrify                  Tmut/Erth      #.......     77%         4    ####...
 Summon Ice Beast         Ice/Summ       #.......     77%         4    ####...
 Summon Lightning Spire   Summ/Air       #.......     77%         4    ####...
 Throw Icicle             Conj/Ice       #.......     77%         4    ####...
 Death Channel            Necr           ####......   85%         6    #######
 Metabolic Englaciation   Hex/Ice        #.........   98%         5    #####..
 Yara's Violent Unravell  Hex/Tmut       #.........   98%         5    #####..
 Simulacrum               Ice/Necr       ###.......   99%         6    #######
 Conjure Ball Lightning   Conj/Air       #.........   100%        6    #######
 Freezing Cloud           Conj/Ice/Air   #.........   100%        6    #######
 Orb of Destruction       Conj           #.........   100%        7    #######
 Ring of Flames           Chrm/Fire      #.........   100%        7    #######
 Spellforged Servitor     Conj/Summ      #.........   100%        7    #######

Action                   |  1- 3 |  4- 6 |  7- 9 | 10-12 | 13-15 | 16-18 || total
-------------------------+-------+-------+-------+-------+-------+-------++-------
Melee: Dagger            |    43 |   275 |   292 |       |       |       ||   610
       Long sword        |       |       |    46 |   878 |   304 |       ||  1228
       Double sword      |       |       |       |       |   782 |   243 ||  1025
       Scimitar          |       |       |       |       |   143 |    58 ||   201
       Great sword       |       |       |       |       |     6 |       ||     6
 Cast: Pain              |    46 |    72 |   224 |    28 |     3 |       ||   373
       Vampiric Draining |     1 |    11 |    24 |    61 |    29 |     6 ||   132
       Animate Dead      |       |     3 |    15 |    37 |    24 |     1 ||    80
       Regeneration      |       |       |     1 |    15 |    26 |    10 ||    52
 Abil: Evoke Berserk Rag |       |       |       |     1 |     9 |     1 ||    11
Evoke: Wand              |       |       |     3 |    29 |    22 |    10 ||    64
  Use: Scroll            |     4 |    10 |    11 |     7 |    11 |     9 ||    52
       Potion            |       |     2 |     2 |     2 |     5 |     7 ||    18
 Stab: Sleeping          |     5 |    10 |     3 |     7 |     6 |       ||    31
       Paralysed         |     1 |       |    12 |    10 |     6 |       ||    29
       Distracted        |       |       |     3 |     2 |     7 |       ||    12
       Confused          |       |       |       |       |     4 |       ||     4
  Eat: Chunk             |     2 |    13 |    14 |    26 |    20 |     1 ||    76
       Ration            |       |       |     6 |     4 |    10 |     1 ||    21
Armor: Robe              |     6 |    33 |       |       |       |       ||    39
       Leather armour    |       |    66 |   128 |     5 |    95 |       ||   294
       Ring mail         |       |       |       |   459 |   344 |       ||   803
       Swamp dragon scal |       |       |       |       |    30 |    52 ||    82
       Steam dragon scal |       |       |       |       |       |    40 ||    40
Dodge: Dodged            |    31 |   254 |   394 |  1238 |  1531 |   271 ||  3719
Block: Shield            |       |       |       |       |   219 |   218 ||   437
       Buckler           |       |       |       |       |    26 |       ||    26
       Rpst.: Long sword |       |       |    19 |   335 |   124 |       ||   478
       Double sword      |       |       |       |       |   189 |    34 ||   223
       Scimitar          |       |       |       |       |    19 |     7 ||    26

Inventory:

Hand Weapons
 a - the +7 Screaming Sword (weapon) {slice, sonic wave}
   (You found it on level 6 of the Lair of Beasts)

   It inflicts extra damage upon your enemies.
 b - a +4 scimitar of flaming
Armour
 c - a +2 shield (worn) {Donald}
 r - +5 steam dragon scales (worn)
 F - a +0 cloak (worn)
 T - a +1 helmet (worn)
 Z - the +1 pair of boots of Amorality (worn) {rF++ rN+ Regen+ SInv}
   (You found it in a Gauntlet)

   It greatly protects you from fire.
   It protects you from negative energy.
   It lets you see invisible.
   It increases your rate of regeneration.
Jewellery
 h - an uncursed ring of protection from cold
 j - an uncursed ring of protection from fire
 q - a +6 ring of protection (right hand)
 z - an uncursed ring of see invisible
 D - a cursed ring of teleportation {unknown}
 E - an amulet of rage (around neck)
 G - an uncursed amulet of magic regeneration
 H - a +3 ring of intelligence
 O - an uncursed ring of flight
 U - an uncursed amulet of regeneration
 W - a ring of resist corrosion (left hand)
Wands
 u - a wand of paralysis (23)
 x - a wand of acid (13)
 B - a wand of flame (9)
 K - a wand of enslavement (6)
 M - a wand of digging (5)
 N - a wand of iceblast (11)
 Y - a wand of disintegration (2)
Scrolls
 i - a scroll of silence
 l - 5 scrolls of magic mapping
 m - 4 scrolls of enchant armour
 o - 16 scrolls of remove curse
 p - 12 scrolls of teleportation
 C - 4 scrolls of amnesia
 J - 7 scrolls of identify
 S - 6 scrolls of fog
 X - a scroll of enchant weapon
Potions
 d - 2 potions of mutation
 f - a potion of berserk rage
 g - 2 potions of agility
 k - a potion of brilliance
 n - 6 potions of haste
 s - 2 potions of flight
 v - a potion of heal wounds
 w - a potion of ambrosia
 A - 2 potions of magic
 L - 2 potions of resistance
 P - 3 potions of invisibility
 Q - 5 potions of curing
 R - 3 potions of might
 V - 2 potions of cancellation
Miscellaneous
 e - a lamp of fire
Comestibles
 t - a chunk of flesh {@w1}
 y - 30 rations

# ########### #.
#8...∩..48# 3..
#.........# .2..
#..##.##..# .....
#.##...##.#
......##....#....##.
..........#..4#.....
............@.......
......##..#344#..##2
...... #....#.4..#
..... #.##...##3#
....# #..##.## .#
..## ⌠.. ... .. ..#
.##.. ## ..
..##2###.##..
...#.#......#


You could see a green death, a soul eater, a hellwing, an ice devil, 2 rust
devils and a ynoxinul (wandering).

Vanquished Creatures
  Donald (Swamp:2)
  A blood saint (WizLab)
  A cacodemon (WizLab)
  A ghoul (Swamp:2)
  2 ironheart preservers (Vaults:1)
  2 green draconians (Swamp:4)
  Nessos (D:13)
  2 dire elephants
  A minotaur (Gauntlet)
  A blizzard demon (WizLab)
  A yaktaur captain (Vaults:1)
  A fire dragon (D:15)
  Erolcha (D:13)
  3 ice dragons
  A ghost crab (Swamp:1)
  24 hydras
  A catoblepas (D:14)
  A hell beast (WizLab)
  5 vault guards
  3 centaur warriors
  14 alligators
  4 two-headed ogres
  A deep troll shaman (Vaults:1)
  2 death yaks (Lair:6)
  2 tengu warriors (D:14)
  Urug (D:11)
  A deep elf knight (Vaults:1)
  A sun demon (WizLab)
  Sonja (D:11)
  3 vault sentinels (Vaults:1)
  The ghost of yrara the Chopper, a novice DsFi of Gozag (D:7)
  3 deep trolls (Vaults:1)
  4 spriggan druids
  2 unseen horrors
  3 wizards (Vaults:1)
  12 swamp dragons
  An ironbrand convoker (Vaults:1)
  2 wolf spiders
  15 ugly things
  A wolf spider zombie (D:15)
  5 orc knights
  3 deep elf magi
  2 orc sorcerers (Orc:1)
  A salamander (D:14)
  2 cyclopes
  3 black mambas
  Maurice (D:11)
  2 ice statues (IceCv)
  An orange demon (Lair:6)
  2 torpor snails
  3 gargoyles (D:13)
  3 smoke demons
  16 spiny frogs
  5 rime drakes
  3 kobold demonologists
  2 efreet
  A hellion (WizLab)
  9 komodo dragons
  4 yaktaurs (D:15)
  2 hellwings (WizLab)
  A tormentor (WizLab)
  A freezing wraith (D:15)
  A polar bear (Lair:5)
  6 tyrant leeches
  5 ice devils
  7 trolls
  9 hornets
  17 blink frogs
  Prince Ribbit (D:8)
  23 slime creatures
  10 hippogriffs
  12 bog bodies
  2 meliai zombies
  A ynoxinul (Gauntlet)
  8 shadows
  38 yaks
  A wraith (D:13)
  A vampire (D:12)
  9 spriggans
  4 wyverns
  2 hungry ghosts (D:14)
  A basilisk (Lair:6)
  12 vampire mosquitoes
  A neqoxec (WizLab)
  A steam dragon (D:10)
  5 wargs
  22 insubstantial wisps
  16 swamp worms
  An acid dragon (D:14)
  3 hell hounds (Lair:6)
  A soldier ant (D:10)
  8 water moccasins
  9 porcupines
  A hornet zombie (D:15)
  37 orc warriors
  15 swamp drakes
  31 ice beasts
  A phantom (D:5)
  3 sky beasts
  3 black bears
  9 necrophages
  5 boggarts (Vaults:1)
  9 wolves
  12 centaurs
  7 ogres
  6 crocodiles
  A big kobold (D:14)
  10 bullfrogs
  A wyvern zombie (D:14)
  3 scorpions
  5 wights (D:13)
  6 howler monkeys
  A vampire bat (D:4)
  4 centaur zombies
  6 crimson imps
  A quasit (D:11)
  4 bullfrog zombies
  6 jellies
  10 hounds
  2 gnoll shamans
  21 orc priests
  3 iron imps (Gauntlet)
  2 bullfrog skeletons
  7 centaur skeletons
  3 iguanas
  22 orc wizards
  13 worker ants
  A worker ant zombie (D:4)
  14 gnolls
  13 adders
  2 shadow imps
  A white imp (Lair:6)
  An ooze (D:2)
  An adder zombie (D:3)
  2 adder skeletons (D:5)
  2 worms (D:2)
  A dart slug (D:2)
  7 leopard geckos
  94 orcs
  5 ball pythons
  6 bats
  A bat skeleton (D:4)
  4 bat zombies (D:4)
  4 giant cockroaches
  7 goblins
  6 hobgoblins
  6 jackals
  12 kobolds
  2 quokkas
  10 frilled lizards
  2 leopard gecko skeletons
  8 rats
  A bush (D:13)
  8 plants (D:13)
928 creatures vanquished.

Vanquished Creatures (collateral kills)
  A dire elephant (Lair:6)
  3 hydras (Lair:6)
  A two-headed ogre (D:10)
  An orc high priest (Orc:2)
  A sixfirhy (Lair:6)
  A wizard (Lair:6)
  2 orc sorcerers
  A cyclops (D:12)
  An elephant (Lair:6)
  An orange demon (Lair:6)
  2 spiny frogs
  3 komodo dragons
  A rime drake (Lair:6)
  A polar bear (Lair:6)
  6 blink frogs
  2 hippogriffs (Lair:6)
  A basilisk (Lair:4)
  4 yaks
  2 hungry ghosts
  2 insubstantial wisps
  A swamp worm (Swamp:2)
  A hell hound (Lair:6)
  2 water moccasins (Lair:6)
  2 orc warriors
  A swamp drake (Swamp:1)
  2 ogres
  2 ice beasts (Lair:6)
  2 wolves (Lair:1)
  3 centaurs
  A crocodile (Lair:6)
  A bullfrog (Lair:3)
  3 crimson imps
  A jelly (D:10)
  A bullfrog skeleton (D:8)
  An orc priest (D:11)
  4 orc wizards
  A worker ant (D:7)
  3 gnolls
  A shadow imp (D:11)
  A white imp (Lair:6)
  14 orcs
  2 fungi
87 creatures vanquished.

Vanquished Creatures (others)
  A vault warden (Vaults:1)
  An unseen horror (D:13)
  A swamp dragon (Swamp:4)
  An ugly thing (Vaults:1)
  An orc warrior (Orc:2)
  2 kobolds (D:14)
  3 bushes (Lair:6)
  6 fungi
  8 plants
24 creatures vanquished.

Grand Total: 1039 creatures vanquished

Levels and vault maps discovered:
D:1:      scummos_arrival_star, layout_basic
D:2:      layout_rooms, dancing_weapons_uskayaw,
          nicolae_ru_great_annihilating_truth
D:3:      layout_loops_cross, yredelemnul_altar_generic, minmay_misc_feat_roman
D:4:      layout_basic, grunt_temple_overflow_bloody_war, marbit_many_paths,
          kennysheep_vampire_church, kennysheep_mini_moat, first_ration,
          chequers_serial_rivers_small_b
D:5:      lemuel_ice_spiral_2, layout_basic, lemuel_doored_altar,
          overflow_temple_1_default
D:6:      layout_basic, ashenzari_conservatory_becter, lemuel_round_altar,
          nemelex_altar_shiori, st_stairs_5, nrook_mini_vaults
D:7:      layout_gridville, minmay_temple_entry_overgrown, gammafunk_ghost_arena
D:8:      layout_loops_ring, nicolae_overflow_hidden_temple, uniq_prince_ribbit1
D:9:      layout_stronghold, nicolae_overflow_crystal_walls, xom_shifter_show,
          grunt_lair_entry_orc_guard_hut, minmay_orc_entry_temple_small
D:10:     layout_long_grid, special_room [special_room_orc], the_bakery
D:11:     layout_cave_pools, basic_altar, portal_ice_cave_entry_ice_beasts,
          minivault_16, uniq_maurice, uniq_sonja, uniq_urug
D:12:     layout_gridville, disabler_island
D:13:     layout_roguey, lightli_vaults_fourway_checkpoint,
          ebering_ghost_inner_flame, enter_trove_3, basic_altar,
          fedhas_altar_decomposition, uniq_erolcha, uniq_nessos
D:14:     layout_roguey, minmay_misc_feat_room, grunt_dithmenos_smoke
D:15:     hangedman_depths_entry_try_elsewhere_first, layout_cross,
          ebering_ghost_gozag
Lair:1:   layout_hall_layers
Lair:2:   layout_roguey, minmay_swamp_entry_wisps
Lair:3:   layout_cave_pods, columned_hall_lemuel
Lair:4:   dragon1_lemuel, layout_gridlike, infiniplex_staircase_pool_2,
          serial_bayou_shore_b, uniq_snorg
Lair:5:   layout_regular_city
Lair:6:   evil_forest, layout_regular_city, slime_dummy, ice2_lemuel
Swamp:1:  layout_falls_marsh, nicolae_swamp_little_tower
Swamp:2:  layout_falls_marsh, evilmike_swamp_ruin_wall,
          hangedman_swamp_ravenous, infiniplex_staircase_pool, uniq_donald
Swamp:3:  layout_falls_marsh, nicolae_swamp_dense_foliage
Swamp:4:  swamp, layout_basic_swamp, swamp_pool4, hangedman_swamp_dais
Orc:1:    layout_diamond_mine
Orc:2:    st_orc_rangers, layout_caves, gauntlet_entry_generic, minmay_orc_keep
Vaults:1: v_misc_16, vaults_room_door_hall, v_misc_19, vaults_dpeg_spiral,
          v_rooms_1, v_misc_4, v_rooms_3, vaults_room_door_hall,
          nicolae_vaults_little_squares_4, v_misc_17, hangedman_vaults_cutoff,
          ontoclasm_vaults_ligature, vaults_dpeg_hooks,
          nicolae_vaults_diagonal_hallway_7, layout_vaults_ring,
          infiniplex_enter_wizlab_glasses
IceCv:    ice_cave_small_dragons
WizLab:   wizlab_demon
Gauntlet: gammafunk_gauntlet_one_two_three [nicolae_gauntlet_arena_quarters,
          gammafunk_gauntlet_arena_split_diamond,
          minmay_gauntlet_arena_make_your_own_arena, nicolae_gauntlet_swirl,
          nicolae_gauntlet_arena_x, gammafunk_gauntlet_arena_grid,
          gammafunk_gauntlet_arena_split_x, gammafunk_gauntlet_arena_teeth,
          gammafunk_gauntlet_arena_spirals, gauntlet_exit_watery]


Message History

* * * LOW HITPOINT WARNING * * *
A cacodemon comes into view.
The cacodemon gestures at you.
The bolt of energy hits you but does no damage.
The bolt of energy hits the quasit!!
The quasit is blown up!
You feel better.
Your surroundings suddenly seem different.
You feel yourself speed up.
The soul eater draws from the surrounding life force!
* * * LOW HITPOINT WARNING * * *
The soul eater hits you but does no damage.
A rust devil comes into view.
The ice devil misses you.
There is a portal leading out of this place here.
The hellwing swoops through the air toward you!
You block the hellwing's attack. x2; The ice devil hits you!
* * * LOW HITPOINT WARNING * * *
The ice devil freezes you!
You die...

Notes
Turn   | Place    | Note
-------+----------+-------------------------------------------
     0 | D:1      | Orphidia the Demigod Necromancer began the quest for the
                  | Orb.
     0 | D:1      | Reached XP level 1. HP: 14/14 MP: 5/5
   364 | D:1      | Reached skill level 2 in Dodging
   482 | D:1      | Reached XP level 2. HP: 17/20 MP: 7/7
   892 | D:2      | Reached XP level 3. HP: 24/26 MP: 5/8
   897 | D:2      | Learned a level 3 spell: Vampiric Draining
   910 | D:2      | Noticed a +0 hand axe
   913 | D:2      | Noticed a -3 dagger
   998 | D:2      | Found a hide-covered altar of Uskayaw.
  1135 | D:2      | Found a sacrificial altar of Ru.
  1197 | D:2      | Reached skill level 3 in Dodging
  1397 | D:2      | Reached XP level 4. HP: 33/33 MP: 9/9
  2100 | D:3      | Found a basalt altar of Yredelemnul.
  2404 | D:4      | Reached skill level 5 in Necromancy
  2404 | D:4      | Reached XP level 5. HP: 26/38 MP: 10/10
  2509 | D:4      | Found a snail-covered altar of Cheibriados.
  2710 | D:4      | Reached skill level 4 in Dodging
  3128 | D:4      | Reached XP level 6. HP: 39/45 MP: 11/11
  3350 | D:4      | Learned a level 4 spell: Animate Dead
  3518 | D:4      | Found a bloodstained altar of Trog.
  3518 | D:4      | Found an iron altar of Okawaru.
  4058 | D:4      | Reached skill level 5 in Dodging
  4262 | D:4      | Found an ancient bone altar of Kikubaaqudgha.
  4352 | D:4      | Found a stormy altar of Qazlal.
  4431 | D:5      | Entered Level 5 of the Dungeon
  4437 | D:5      | Reached XP level 7. HP: 43/50 MP: 7/12
  4622 | D:5      | Reached skill level 6 in Dodging
  4891 | D:5      | Reached skill level 7 in Dodging
  4895 | D:5      | Found a glowing golden altar of the Shining One.
  5178 | D:5      | Found a glowing silver altar of Zin.
  5393 | D:5      | Reached XP level 8. HP: 47/57 MP: 5/13
  6161 | D:5      | Reached skill level 8 in Dodging
  6457 | D:6      | Found a white marble altar of Elyvilon.
  6592 | D:6      | Found a sparkling altar of Nemelex Xobeh.
  6648 | D:6      | Found a shattered altar of Ashenzari.
  7435 | D:7      | Found a staircase to the Ecumenical Temple.
  7477 | D:7      | Found a transporter.
  7657 | D:7      | Found a transporter.
  7658 | D:7      | Noticed yrara's ghost (novice DsFi)
  7660 | D:7      | Noticed a slime creature
  7673 | D:7      | Reached skill level 9 in Dodging
  7693 | D:7      | Noticed a hippogriff
  7704 | D:7      | Killed a hippogriff
  7782 | D:7      | Noticed a hippogriff
  7920 | D:7      | Killed a hippogriff
  8459 | D:7      | Reached XP level 9. HP: 55/62 MP: 5/15
  8557 | D:7      | Reached skill level 5 in Evocations
  8621 | D:8      | Found a blossoming altar of Fedhas.
  9053 | D:8      | Got a faintly glowing long sword
  9054 | D:8      | Identified the +4 long sword of Thoughtfulness {flame, rF+}
                  | (You found it on level 8 of the Dungeon)
  9198 | D:8      | Learned a level 3 spell: Regeneration
  9261 | D:8      | Reached skill level 5 in Spellcasting
  9306 | D:8      | Noticed Prince Ribbit
  9336 | D:8      | Killed Prince Ribbit
  9801 | D:9      | Reached skill level 1 in Fighting
  9843 | D:9      | Found a staircase to the Lair.
  9956 | D:9      | Reached XP level 10. HP: 75/75 MP: 23/23
 10128 | D:9      | Noticed a two-headed ogre
 10143 | D:9      | Killed a two-headed ogre
 10143 | D:9      | Reached skill level 5 in Fighting
 10165 | D:9      | Found a staircase to the Orcish Mines.
 10183 | D:9      | Found a roughly hewn altar of Beogh.
 10310 | D:9      | Found a hazy altar of Hepliaklqana.
 10567 | D:9      | Found a shimmering altar of Xom.
 10571 | D:9      | Found a shimmering altar of Xom.
 10573 | D:9      | Found a shimmering altar of Xom.
 10573 | D:9      | Found a shimmering altar of Xom.
 10574 | D:9      | Found a shimmering altar of Xom.
 10574 | D:9      | Found a shimmering altar of Xom.
 10913 | D:9      | Got a spiked ring mail
 10924 | D:9      | Identified the +8 ring mail "Zurun" {-Tele *Drain Regen+
                  | Stlth+} (You found it on level 9 of the Dungeon)
 10970 | D:10     | Entered Level 10 of the Dungeon
 11176 | D:10     | Reached skill level 10 in Dodging
 11402 | D:10     | Noticed a two-headed ogre
 11457 | D:10     | Killed a two-headed ogre
 11876 | D:10     | Killed an unseen horror
 11876 | D:10     | Reached skill level 11 in Dodging
 11876 | D:10     | Reached XP level 11. HP: 86/89 MP: 22/24
 11976 | D:11     | Reached skill level 1 in Armour
 11996 | D:11     | Found a frozen archway.
 12021 | IceCv    | Entered an ice cave
 12273 | IceCv    | Reached skill level 5 in Armour
 12518 | IceCv    | Noticed an ice dragon
 12522 | IceCv    | Noticed an ice dragon
 12544 | IceCv    | Killed an ice dragon
 12562 | IceCv    | Killed an ice dragon
 12654 | IceCv    | Got a steaming ivory ring
 12658 | IceCv    | Identified the ring "Earthly Heaven" {*Tele rPois Dex-5
                  | Slay+4 Stlth+} (You found it in an ice cave)
 12723 | D:11     | Noticed Maurice
 12794 | D:11     | Noticed Urug
 12810 | D:11     | Killed Maurice
 12820 | D:11     | Killed Urug
 13062 | D:11     | Noticed Sonja
 13068 | D:11     | Killed Sonja
 13185 | D:11     | Found a glowing golden altar of the Shining One.
 13546 | D:12     | Reached XP level 12. HP: 51/96 MP: 20/25
 14182 | Lair:1   | Entered Level 1 of the Lair of Beasts
 14971 | Lair:2   | Reached skill level 12 in Dodging
 14989 | Lair:2   | Found a staircase to the Snake Pit.
 15010 | Lair:2   | Found a staircase to the Swamp.
 16832 | Lair:4   | Noticed an ice dragon
 16845 | Lair:4   | Killed an ice dragon
 16946 | Lair:4   | Noticed a five-headed hydra
 17049 | Lair:4   | Noticed a six-headed hydra
 17060 | Lair:4   | Killed a one-headed hydra
 17121 | Lair:4   | Noticed Snorg
 17218 | Lair:4   | Killed a two-headed hydra
 17788 | Lair:5   | Reached XP level 13. HP: 108/112 MP: 26/26
 17847 | Lair:5   | Reached skill level 10 in Fighting
 18299 | Lair:6   | Entered Level 6 of the Lair of Beasts
 18351 | Lair:6   | Found a staircase to the Slime Pits.
 19091 | Lair:6   | Noticed a dire elephant
 19196 | Lair:6   | Noticed a dire elephant
 19205 | Lair:6   | Killed a dire elephant
 19302 | Lair:6   | Found a burning altar of Makhleb.
 19461 | Lair:6   | Found a gateway to Hell.
 19468 | Lair:6   | Identified the Disquisition on Confrontation
 19470 | Lair:6   | greatest loot ever
 19619 | Lair:6   | Killed a dire elephant
 19764 | Lair:6   | Found the +7 Singing Sword {slice, sonic wave}
 19992 | D:13     | Reached skill level 1 in Long Blades
 20109 | D:13     | Noticed Erolcha
 20117 | D:13     | Killed Erolcha
 20178 | D:13     | Found an ancient bone altar of Kikubaaqudgha.
 20194 | D:13     | Found a portal to a secret trove of treasure.
 20291 | D:13     | Found a runed translucent door.
 20301 | D:13     | Noticed iamserjio's ghost (journeyman OpWn)
 20550 | D:13     | Noticed Nessos
 20559 | D:13     | Killed Nessos
 20733 | D:14     | Reached skill level 5 in Long Blades
 20741 | D:14     | Reached XP level 14. HP: 114/126 MP: 27/27
 20935 | D:14     | Found a shadowy altar of Dithmenos.
 21283 | D:15     | Entered Level 15 of the Dungeon
 21952 | D:15     | Found a runed translucent gate.
 21953 | D:15     | Found an opulent altar of Gozag.
 21953 | D:15     | Found a runed translucent gate.
 21953 | D:15     | Noticed Natrich's ghost (adept GrEE)
 21954 | D:15     | Found a runed translucent gate.
 21958 | D:15     | Noticed a tengu reaver
 22016 | D:15     | Reached skill level 10 in Long Blades
 22128 | D:15     | Found a staircase to the Depths.
 22349 | Orc:1    | Entered Level 1 of the Orcish Mines
 22457 | Orc:2    | Entered Level 2 of the Orcish Mines
 22532 | Orc:2    | Found a gate leading to a gauntlet.
 22541 | Gauntlet | Entered a Gauntlet
 22541 | Gauntlet | Found a transporter.
 22601 | Gauntlet | Found a transporter.
 22616 | Gauntlet | Found a transporter.
 22622 | Gauntlet | Found a transporter.
 22639 | Gauntlet | Found a transporter.
 22656 | Gauntlet | Found a transporter.
 22668 | Gauntlet | Found a transporter.
 22680 | Gauntlet | Found a transporter.
 22692 | Gauntlet | Found a transporter.
 22707 | Gauntlet | Found a transporter.
 22721 | Gauntlet | Found a transporter.
 22738 | Gauntlet | Found a transporter.
 22740 | Gauntlet | Found a transporter.
 22742 | Gauntlet | Found a runed translucent gate.
 22742 | Gauntlet | Found a runed translucent gate.
 22742 | Gauntlet | Found a runed translucent gate.
 22748 | Gauntlet | Found a large runed translucent door.
 22748 | Gauntlet | Found a large runed translucent door.
 22748 | Gauntlet | Found a large runed translucent door.
 22748 | Gauntlet | Found a large runed translucent door.
 22749 | Gauntlet | Found a large runed translucent door.
 22749 | Gauntlet | Found a large runed translucent door.
 22750 | Gauntlet | Found a large runed translucent door.
 22750 | Gauntlet | Found a large runed translucent door.
 22752 | Gauntlet | Found a large runed translucent door.
 22752 | Gauntlet | Found a large runed translucent door.
 22752 | Gauntlet | Found a runed translucent door.
 22752 | Gauntlet | Found a runed translucent door.
 22753 | Gauntlet | Found a large runed translucent door.
 22754 | Gauntlet | Found a large runed translucent door.
 22764 | Gauntlet | Found a large runed translucent door.
 22764 | Gauntlet | Found a large runed translucent door.
 22765 | Gauntlet | Found a large runed translucent door.
 22766 | Gauntlet | Found a large runed translucent door.
 22766 | Gauntlet | Found a transporter.
 22768 | Gauntlet | Found a transporter.
 22788 | Gauntlet | Found a transporter.
 22790 | Gauntlet | Found a transporter.
 22810 | Gauntlet | Found a transporter.
 22927 | Gauntlet | Got a pair of dazzling boots
 22938 | Gauntlet | Identified the +1 pair of boots of Amorality {rF++ rN+
                  | Regen+ SInv} (You found it in a Gauntlet)
 22971 | Gauntlet | Got a transparent tin amulet
 22972 | Gauntlet | Identified the amulet "Yshes" {Inacc rN+ Str+6 Dex+2} (You
                  | found it in a Gauntlet)
 23355 | Orc:2    | Found a staircase to the Elven Halls.
 23747 | Orc:2    | Found Qytepif's Book Shoppe.
 23747 | Orc:2    | Found Oclysih's Jewellery Shop.
 23771 | Orc:2    | Found Igequll's Distillery.
 23773 | Orc:2    | Found Xovvaaga's Antique Armour Emporium.
 23787 | Orc:2    | Bought a book of Death for 770 gold pieces
 23787 | Orc:2    | Bought a book of Unlife for 715 gold pieces
 23787 | Orc:2    | Bought a manual of Dodging for 1214 gold pieces
 23793 | Orc:2    | Learned a level 5 spell: Borgnjor's Vile Clutch
 23799 | Orc:2    | Learned a level 5 spell: Dispel Undead
 23802 | Orc:2    | Learned a level 2 spell: Corpse Rot
 24115 | Orc:1    | Reached skill level 13 in Dodging
 24317 | Swamp:1  | Entered Level 1 of the Swamp
 24569 | Swamp:1  | Reached XP level 15. HP: 112/132 MP: 28/28
 24770 | Swamp:1  | Reached skill level 14 in Dodging
 25476 | D:7      | Killed yrara's ghost
 25592 | Swamp:2  | Reached skill level 1 in Shields
 25663 | Swamp:2  | Reached skill level 15 in Dodging
 26151 | Swamp:2  | Noticed Donald
 26172 | Swamp:2  | Killed Donald
 26898 | Swamp:3  | Learned a level 1 spell: Apportation
 27078 | Swamp:3  | Reached skill level 5 in Shields
 27245 | Swamp:3  | Reached skill level 16 in Dodging
 27996 | Swamp:4  | Entered Level 4 of the Swamp
 28748 | Swamp:4  | Reached XP level 16. HP: 108/139 MP: 29/29
 28864 | Swamp:4  | Got a decaying rune of Zot
 29091 | Swamp:4  | Reached skill level 10 in Shields
 29693 | D:13     | Found a gate to the Vaults.
 29795 | D:13     | Found a blossoming altar of Fedhas.
 29859 | Vaults:1 | Entered Level 1 of the Vaults
 30073 | Vaults:1 | Found a magical portal.
 30083 | WizLab   | Entered The Hall of the Hellbinder
 30161 | WizLab   | Slain by an ice devil
